 Dungeon Crawl Stone Soup version 0.31.0-7-gf635a9b802 (webtiles) character file.

Game seed: 11649486808279194729

1509 Crownlay the Messenger (level 8, -5/73 HPs)
             Began as a Hill Orc Fighter on Jan 23, 2024.
             Was an Initiate of Beogh.
             Slain by a gnoll
             ... wielding a +0 flail
             ... led by a gnoll bouda
              (8 damage)
             ... on level 6 of the Dungeon.
             The game lasted 00:07:53 (5170 turns).

Crownlay the Messenger (Hill Orc Fighter)           Turns: 5170, Time: 00:07:53

Health: -5/73      AC:  9    Str: 21    XL:     8   Next: 83%
Magic:  15/15      EV: 14    Int:  8    God:    Beogh [......]
Gold:   332        SH:  4    Dex: 10    Spells: 7/7 levels left

rFire   . . .        a - +0 war axe
rCold   . . .        c - +0 buckler
rNeg    . . .        b - +0 scale mail
rPois   .            (no helmet)
rElec   .            (no cloak)
rCorr   .            C - +1 pair of gloves
SInv    .            (no boots)
Will    .....        (no amulet) Stlth
                     s - +5 ring of evasion
HPRegen 0.32/turn    k - ring of flight
MPRegen 0.14/turn

%: no passive effects
@: mighty, flying
A: no striking features
a: Renounce Religion


You were on level 6 of the Dungeon.
You worshipped Beogh.
Beogh was noncommittal.
You visited 1 branch of the dungeon, and saw 8 of its levels.

You collected 332 gold pieces.

Inventory:

Hand Weapons
 a - a +0 war axe (weapon)
 D - a +2 flail of venom
Missiles
 r - 3 curare-tipped darts (quivered)
 x - 4 javelins
Armour
 b - a +0 scale mail (worn)
 c - a +0 buckler (worn)
 C - a +1 pair of gloves (worn)
 I - a +0 kite shield
Jewellery
 k - a ring of flight (right hand)
 l - a ring of poison resistance
 s - a +5 ring of evasion (left hand)
 w - a ring of ice
 A - a ring of fire
Talismans
 t - a serpent talisman
Scrolls
 e - a scroll of immolation {unknown}
 f - 2 scrolls of poison {unknown}
 g - a scroll of amnesia {unknown}
 h - 7 scrolls of identify {unknown}
 m - a scroll of silence {unknown}
 n - 2 scrolls of vulnerability {unknown}
 p - a scroll of fog {unknown}
 q - a scroll of fear {unknown}
 u - 2 scrolls of enchant weapon {unknown}
 v - a scroll of noise {unknown}
 y - 4 scrolls of teleportation {unknown}
 z - a scroll of torment {unknown}
 B - a scroll of butterflies {unknown}
Potions
 d - a potion of might
 i - 2 potions of enlightenment {unknown}
 j - a potion of ambrosia {unknown}
 o - 2 potions of lignification {unknown}
 E - a potion of curing
 F - a potion of attraction {unknown}
 G - a potion of mutation {unknown}
 H - a potion of heal wounds {unknown}


   Skills:
 + Level 7.2 Fighting
 + Level 7.3 Axes
 - Level 3.2 Armour
 + Level 3.9 Shields
 * Level 9.6 Invocations


You had 7 spell levels left.
You didn't know any spells.
Your spell library contained the following spells:

 Spells                   Type           Power      Damage    Failure   Level
 Freeze                   Ice            0%         1d3       82%         1
 Jinxbite                 Hex            0%         N/A       91%         2
 Mercury Vapours          Alch/Air       0%         N/A       91%         2
 Static Discharge         Conj/Air       0%         3-3/arc   91%         2
 Frozen Ramparts          Ice            0%         1d1       99%         3
 Hailstorm                Conj/Ice       0%         3d5       99%         3
 Mephitic Cloud           Conj/Alch/Air  0%         N/A       99%         3
 Airstrike                Air            0%         2d(0-16)  100%        4
 Summon Lightning Spire   Summ/Air       0%         N/A       100%        4
 Freezing Cloud           Conj/Ice/Air   0%         6-21      100%        5
 Yara's Violent Unravell  Hex/Alch       0%         3d3       100%        5
 Enfeeble                 Hex            0%         N/A       100%        7


Dungeon Overview and Level Annotations

Branches:
Dungeon (8/15)
 Temple: D:4-7         Lair: D:8-11

Altars:
Vehumet
The Shining One

Annotations:
D:8 1 runed translucent door


Message History

The orc warrior is lightly wounded.
The orc priest calls upon Beogh to heal the orc warrior.
The orc warrior's wounds heal themselves!
The gnoll closely misses you.
A sky beast comes into view.
The orc warrior closely misses you.
You feel very mighty all of a sudden.
The orc priest calls down the wrath of Beogh upon you.
Beogh smites you!
* * * LOW HITPOINT WARNING * * *
You block the gnoll's attack.
The orc warrior hits you but does no damage.
You slash the orc warrior!
The orc warrior is moderately wounded.
The gnoll closely misses you.
The orc warrior hits you with a +0 hand axe!
* * * LOW HITPOINT WARNING * * *
You closely miss the orc warrior.
The orc warrior is moderately wounded.
The gnoll hits you from afar with a +0 spear.
* * * LOW HITPOINT WARNING * * *
The orc warrior barely misses you.
You closely miss the orc warrior.
The orc warrior is moderately wounded.
The gnoll hits you but does no damage.
The orc warrior hits you with a +0 hand axe.
* * * LOW HITPOINT WARNING * * *
The hound pauses to sniff the ground.
You slash the orc warrior!
The orc warrior is almost dead.
The sky beast flickers out of sight!
The gnoll hits you but does no damage. The orc warrior misses you.
You hit the orc warrior.
You kill the orc warrior!
Beogh accepts your kill. The gnoll completely misses you.
The gnoll closely misses you.
You hit the gnoll.
The gnoll is moderately wounded.
The gnoll hits you with a +0 flail!
You die...

... .. .. ..... .
.g#o#.## #.#.#..
#gg......<
####.#####o..#....#
........ggo.#....#
###..####{g.#....###.
#......@go..#........
#.#..####gh##.#.#..#
#. ####............
..........#...[.....
#. #.####..#..#.#....
.. ................ #
...................
.####..#.##.....#..#
.......#.##.#.###...


You could see a gnoll bouda, a hound, an orc priest, 2 gnolls and an orc.

Vanquished Creatures
  Edmund (D:4)
  An orc warrior (D:6)
  An ice beast (D:6)
  2 ogres
  A centaur (D:6)
  A phantom (D:4)
  Blork the orc (D:5)
  A kobold brigand (D:7)
  4 scorpions
  A bombardier beetle (D:4)
  2 hounds (D:4)
  A quasit (D:6)
  An orc priest (D:7)
  A jelly (D:4)
  A sleepcap (D:4)
  An orc wizard (D:7)
  3 gnolls (D:4)
  A river rat (D:3)
  8 adders
  4 white imps
  2 dart slugs (D:3)
  4 ribbon worms
  11 orcs
  5 endoplasms
  5 giant cockroaches
  20 goblins
  13 hobgoblins
  3 jackals (D:2)
  5 quokkas
  6 ball pythons
  9 bats
  6 frilled lizards
  11 kobolds
  7 rats
144 creatures vanquished.

Notes
Turn   | Place    | Note
-------+----------+-------------------------------------------
     0 | D:1      | Crownlay the Hill Orc Fighter began the quest for the Orb.
     0 | D:1      | Reached XP level 1. HP: 19/19 MP: 1/1
   148 | D:1      | Reached skill level 1 in Invocations
   220 | D:1      | Reached XP level 2. HP: 27/27 MP: 1/3
   387 | D:1      | Found a faded altar of an unknown god.
   485 | D:1      | Reached skill level 2 in Invocations
   858 | D:1      | Reached XP level 3. HP: 29/33 MP: 4/4
  1358 | D:2      | Reached skill level 3 in Invocations
  1551 | D:2      | Found a radiant altar of Vehumet.
  1653 | D:2      | Reached XP level 4. HP: 40/40 MP: 6/6
  2284 | D:3      | Noticed an ogre
  2350 | D:3      | Killed an ogre
  2351 | D:3      | Reached skill level 4 in Invocations
  2351 | D:3      | Reached XP level 5. HP: 47/47 MP: 6/8
  2605 | D:3      | Found a glowing golden altar of the Shining One.
  2861 | D:3      | Reached skill level 5 in Invocations
  2914 | D:3      | Reached XP level 6. HP: 55/55 MP: 9/9
  3163 | D:4      | Reached skill level 5 in Fighting
  3207 | D:4      | Noticed Edmund
  3233 | D:4      | Killed Edmund
  3234 | D:4      | Reached skill level 5 in Axes
  3234 | D:4      | Reached skill level 6 in Invocations
  3348 | D:4      | Reached XP level 7. HP: 20/61 MP: 11/11
  3709 | D:4      | Reached skill level 7 in Invocations
  4125 | D:4      | Reached skill level 8 in Invocations
  4125 | D:4      | Reached XP level 8. HP: 66/71 MP: 12/14
  4265 | D:5      | Entered Level 5 of the Dungeon
  4437 | D:5      | Noticed Blork the orc
  4450 | D:5      | Killed Blork the orc
  4495 | D:5      | You are sucked into a shaft and drop 3 floors!
  4552 | D:8      | Found a runed translucent gate.
  4615 | D:7      | Became a worshipper of Beogh the Brigand
  4882 | D:6      | Reached skill level 9 in Invocations
  5167 | D:6      | HP: 2/73 [orc warrior/+0 hand axe (4)]
  5170 | D:6      | Slain by a gnoll

Illustrated notes

Levels and vault maps discovered:
D:1:      kennysheep_arrival_seaside, layout_basic,
          hellmonk_ecumenical_altar_prayer_group, hex_tiny,
          minmay_misc_feat_diagonals
D:2:      layout_loops_ring, serial_aquarium, aquarium_bridge_straight
          [aquarium_subvault_bridge, aquarium_subvault_window,
          aquarium_subvault_bridge, aquarium_subvault_wall],
          aquarium_bridge_long_joined [aquarium_subvault_wall,
          aquarium_subvault_bridge, aquarium_subvault_balcony,
          aquarium_subvault_bridge, aquarium_subvault_bridge,
          aquarium_subvault_bridge], aquarium_window_3, aquarium_window_1,
          aquarium_window_fake, aquarium_view_4, aquarium_view_2d, basic_altar,
          kennysheep_generic_room_6
D:3:      layout_loops_cross, nicolae_tso_swordbearing_angel, serial_forest,
          infiniplex_forest_lined_room_2, infiniplex_forest_end_3,
          infiniplex_forest_lined_4_way, infiniplex_forest_zigzag_2,
          infiniplex_forest_fountain, infiniplex_forest_pool,
          infiniplex_forest_zigzag_2, gup_sewer_entry_spiral,
          minmay_ogre_servants
D:4:      minmay_opposing_rooms, layout_cave_pools, chequers_big_river,
          minmay_vboxes, uniq_edmund
D:5:      layout_rooms, nicolae_fountain_basement, uniq_blork_the_orc
D:6:      layout_basic, minmay_temple_entry_drinking_statues, serial_demonic,
          serial_demonic_f, serial_demonic_c, serial_demonic_e,
          serial_demonic_a, kennysheep_generic_room_4
D:7:      layout_basic, mainiacjoe_overflow_catwalk
D:8:      layout_loops_ring, mainiacjoe_overflow_small_starburst,
          biasface_ghost_orc_armoury

Skill      XL: |  1  2  3  4  5  6  7  8 |
---------------+-------------------------+-----
Invocations    | 1 2 3 4 5 6 8 9 |  9.6
Axes           | 3 4 5 6 7 |  7.3
Fighting       | 4 5 6 7 |  7.2
Armour         | |  3.2
Shields        | |  3.9

Action                     |  1- 3 |  4- 6 |  7- 9 || total
---------------------------+-------+-------+-------++-------
  Melee: War axe           |   129 |   188 |   168 ||   485
  Throw: Dart              |       |     2 |       ||     2
 Invoke: Convert to Beogh  |       |       |     1 ||     1
    Use: Potion            |       |     2 |     1 ||     3
 Armour: Scale mail        |    71 |    91 |   126 ||   288
  Dodge: Dodged            |    70 |    96 |   129 ||   295
  Block: Buckler           |    30 |    45 |    48 ||   123
